 Dungeon Crawl Stone Soup version 0.29-a0-813-g4a14ea37d6 (webtiles) character file.

Game seed: 15592795370644271986

37717 Zeld the Severer (level 13, -4/177 HPs)
             Began as a Minotaur Berserker on July 4, 2022.
             Was a Priest of Trog.
             Slain by a red ugly thing (14 damage)
             ... on level 14 of the Dungeon.
             The game lasted 00:23:56 (21585 turns).

Zeld the Severer (Minotaur Berserker)              Turns: 21585, Time: 00:23:56

Health: -4/177     AC: 35    Str: 31    XL:     13   Next: 59%
Magic:  12/12      EV: 10    Int:  4    God:    Trog [***...]
Gold:   98         SH: 16    Dex: 16    Spells: 12/12 levels left

rFire   . . .      SeeInvis .   b - +5 war axe "Tuohud Ugoe" {venom, rPois Dex+4}
rCold   . . .      Faith    .   N - +2 tower shield
rNeg    . . .      Spirit   .   A - +8 plate armour of the Storm King {Rampage rCorr}
rPois   +          Reflect  .   (helmet restricted)
rElec   .          Harm     .   G - +2 cloak {rPois}
rCorr   +          Rampage  +   m - +2 pair of gloves
Will    .....                   F - +2 pair of boots
Stlth   ..........              (no amulet)
HPRegen 0.39/turn               n - +6 ring of strength
MPRegen 0.13/turn               x - ring of resist corrosion

@: berserking, studying Shields, very quick
A: horns 2, retaliatory headbutt, talons 1, iridescent scales 1
a: Renounce Religion, Berserk, Trog's Hand


You were on level 14 of the Dungeon.
You worshipped Trog.
Trog was most pleased with you.
You visited 2 branches of the dungeon, and saw 15 of its levels.
You also visited: Sewer, Bailey and Ice Cave.

You collected 2549 gold pieces.
You spent 2451 gold pieces at shops.

Inventory:

Hand Weapons
 a - a +8 broad axe of flaming
 b - the +5 war axe "Tuohud Ugoe" (weapon) {venom, rPois Dex+4}
   (You bought it in a shop on level 3 of the Dungeon)

   It poisons the flesh of those it strikes.
   Dex:       It affects your dexterity (+4).
   rPois:     It protects you from poison.
 c - a +2 antimagic broad axe
 j - the +10 sling of the Black Skies {flame, Stlth+}
   (You bought it in a shop on level 14 of the Dungeon)

   Any ammunition fired from it burns those it strikes, dealing additional fire
   damage.
   Stlth:     It makes you more stealthy.
 w - the +1 hand axe of the Orange Skies {freeze, MP+9 Dex+2}
   (You found it in an ice cave)

   It freezes those it strikes, dealing additional cold damage.
   It can also slow down cold-blooded creatures.
   Dex:       It affects your dexterity (+2).
   MP:        It affects your magic capacity (+9).
Missiles
 z - 23 boomerangs
 C - 27 javelins
 D - 43 poisoned darts
 M - a curare-tipped dart
Armour
 m - a +2 pair of gloves (worn)
 A - the +8 plate armour of the Storm King (worn) {Rampage rCorr}
   (You bought it in a shop on level 3 of the Dungeon)

   rCorr:     It protects you from acid and corrosion.
   Rampage:   It bestows one free step when moving towards enemies.
 F - a +2 pair of boots (worn)
 G - a +2 cloak of poison resistance (worn)
 N - a +2 tower shield (worn)
Jewellery
 g - the amulet of Xoig {Reflect Fragile Fly rF+ SH+5}
   (You found it in an ice cave)

   [amulet of reflection]

   It reflects blocked missile attacks.
   rF:        It protects you from fire.
   Fly:       It grants you flight.
   Fragile:   It will be destroyed if unequipped.
   SH:        It affects your SH (+5).
 n - a +6 ring of strength (left hand)
 x - a ring of resist corrosion (right hand)
Wands
 q - a wand of flame (23)
 s - a wand of light (19)
 E - a wand of charming (16)
 H - a wand of iceblast (1)
Scrolls
 e - 4 scrolls of fear
 h - a scroll of amnesia {unknown}
 i - 2 scrolls of brand weapon
 t - 4 scrolls of poison
 K - a scroll of silence
Potions
 d - a potion of magic
 f - 10 potions of curing
 k - a potion of berserk rage
 l - 5 potions of flight
 o - 2 potions of invisibility {unknown}
 p - a potion of mutation
 r - a potion of might
 u - 3 potions of haste {unknown}
 v - 2 potions of heal wounds {unknown}
 B - 2 potions of cancellation
Miscellaneous
 y - a box of beasts


   Skills:
 + Level 12.1 Fighting
 * Level 16.3 Axes
 + Level 11.7 Armour
 + Level 10.8 Dodging
 * Level 5.9 Shields
 * Level 9.2 Evocations


You had 12 spell levels left.
You didn't know any spells.
Your spell library was empty.

Dungeon Overview and Level Annotations

Branches:
Dungeon (14/15)            Temple (1/1) D:5            Lair (0/6) D:8
    Orc (0/2) D:11         Vaults (0/5) D:14          Sewer (visited)
 Bailey (visited)           IceCv (visited)

Altars:
Ashenzari
Cheibriados
Dithmenos
Elyvilon
Fedhas
Gozag
Hepliaklqana
Kikubaaqudgha
Makhleb
Nemelex Xobeh
Okawaru
Qazlal
Ru
Sif Muna
Trog
Uskayaw
Vehumet
Wu Jian
Xom
Yredelemnul
Zin
The Shining One

Shops:
D:2 [   D:3 [(   D:14 (!


Innate Abilities, Weirdness & Mutations

You have a pair of horns on your head.
You reflexively headbutt those who attack you in melee.
You have sharp toenails.
You are partially covered in iridescent scales. (AC +2)


Message History

* * * LOW HITPOINT WARNING * * *
The white ugly thing freezes you!!
* * * LOW HITPOINT WARNING * * *
Unknown command.
Unknown command.
You slash the enormous slime creature!
The enormous slime creature is moderately wounded.
You slash the white ugly thing!
The white ugly thing looks as sick as possible!
You slice the tengu warrior!! You hit the vampire mosquito.
You slice the white ugly thing!!
The white ugly thing looks as sick as possible!
You barely miss the white ugly thing. You slash the large slime creature!
You slash the red ugly thing!
The red ugly thing looks as sick as possible!
The vampire mosquito closely misses you.
You block the white ugly thing's attack.
The tengu warrior hits you but does no damage.
The tengu warrior pecks you but does no damage.
You block the tengu warrior's attack.
You block the large slime creature's attack.
The enormous slime creature barely misses you.
The white ugly thing claws you but does no damage.
Unknown command.
Unknown command.
You hit the vampire mosquito.
Your headbutt misses the vampire mosquito.
The vampire mosquito is almost destroyed.
You barely miss the white ugly thing. You slash the white ugly thing!
You kill the white ugly thing!
Trog accepts your kill.
You slice the large slime creature!! You barely miss the red ugly thing.
You hit the white ugly thing but do no damage.
The white ugly thing looks as sick as possible!
You slash the enormous slime creature! You closely miss the tengu warrior.
The vampire mosquito closely misses you.
The red ugly thing gores you!
* * * LOW HITPOINT WARNING * * *
You are engulfed in flames!
You die...

*,..# *##.##***,*
####.#### ##.......#.##
..WW....# ##.......,...#
.p.W....###............#
pW............#...#....#*
........#........?....,.*
........#...........#...*
...............yuQ......*
............).pJ@yu.#,,,*
...............uJuy.....*
#.#######.......y...#..$*
,.# #.............,.* ,**
##....#...#....#* **
##...........$# ******
#..,.....,.#.# ,,,,,***
#............# ,,,,,+,**
*,,,,,,,,,,***


You could see a vault guard, 4 ugly things, an enormous slime creature, a large
slime creature, a tengu warrior (very poisoned) and 4 vampire mosquitoes.

Vanquished Creatures
  Rupert (D:12)
  A rockslime (IceCv)
  An azure jelly (IceCv)
  4 quicksilver oozes (IceCv)
  A hydra (D:13)
  A centaur warrior (D:13)
  2 two-headed ogres
  A tengu warrior (D:14)
  3 sun demons
  Pikel (D:5)
  A deep elf pyromancer (D:14)
  A wolf spider (D:10)
  5 ugly things
  A cyclops (D:13)
  2 manticores
  3 kobold demonologists (D:12)
  2 unseen horrors
  Maggie (D:8)
  A yaktaur (D:12)
  5 entropy weaver simulacra (IceCv)
  An ice devil (D:13)
  2 very ugly thing simulacra (IceCv)
  2 trolls
  Grinder (D:5)
  A raiju (shapeshifter) (D:13)
  A hornet (D:9)
  24 slime creatures
  2 shadows
  8 yaks (D:11)
  A vampire (D:12)
  A wraith (D:11)
  2 chaos spawn (D:13)
  2 steam dragons
  A neqoxec (D:13)
  5 vampire mosquitoes (D:11)
  An acid dragon (D:9)
  4 demonic crawler simulacra (IceCv)
  4 water moccasins
  15 orc warriors
  A sky beast (D:7)
  6 black bears
  6 ogres
  6 ugly thing simulacra (IceCv)
  An ice beast (D:6)
  12 centaurs
  2 lemures (D:5)
  9 kobold brigands
  7 bullfrogs
  A gnoll sergeant (D:10)
  A scorpion (D:7)
  9 wights
  A howler monkey (D:10)
  3 orc priests
  6 hounds
  3 iguanas
  9 orc wizards
  Natasha (thrice) (D:2)
  3 gnolls (D:10)
  16 adders
  2 river rats (Sewer)
  3 worms
  2 dart slugs
  60 orcs
  10 ball pythons
  6 endoplasms
  9 giant cockroaches
  6 goblins
  12 hobgoblins
  4 jackals
  6 quokkas
  11 bats
  4 frilled lizards
  9 kobolds
  5 rats
370 creatures vanquished.

Vanquished Creatures (collateral kills)
  2 azure jellies (IceCv)
  A hydra (D:10)
  An ugly thing simulacrum (IceCv)
4 creatures vanquished.

Vanquished Creatures (others)
  An entropy weaver simulacrum (IceCv)
  A black bear (D:8)
  An ugly thing simulacrum (IceCv)
  A demonic plant (D:13)
  35 fungi (D:8)
  43 plants
82 creatures vanquished.

Grand Total: 456 creatures vanquished

Notes
Turn   | Place    | Note
-------+----------+-------------------------------------------
     0 | D:1      | Zeld the Minotaur Berserker began the quest for the Orb.
     0 | D:1      | Reached XP level 1. HP: 19/19 MP: 0/0
   102 | D:1      | Reached XP level 2. HP: 20/27 MP: 1/1
   104 | D:1      | Reached skill level 4 in Axes
   330 | D:1      | Found a faded altar of an unknown god.
   705 | D:2      | Reached ** piety under Trog
   741 | D:2      | Noticed Natasha
   749 | D:2      | Killed Natasha
   750 | D:2      | Reached XP level 3. HP: 23/33 MP: 2/2
  1080 | D:2      | Noticed Natasha
  1089 | D:2      | Killed Natasha
  1090 | D:2      | Reached XP level 4. HP: 21/40 MP: 3/3
  1344 | D:2      | Noticed Natasha
  1353 | D:2      | Killed Natasha
  1354 | D:2      | Reached skill level 5 in Axes
  1702 | D:2      | Found Gaampoi's Antique Armour Emporium.
  1951 | D:3      | Found Suum's Armour Shoppe.
  2035 | D:3      | Found Ecikli's Weapon Boutique.
  2478 | D:3      | Reached XP level 5. HP: 41/47 MP: 4/4
  2776 | D:4      | Found a shadowy altar of Dithmenos.
  2814 | D:4      | Noticed an ogre
  2823 | D:4      | Killed an ogre
  3076 | D:4      | Reached XP level 6. HP: 54/55 MP: 5/5
  3082 | D:4      | Reached skill level 6 in Axes
  3198 | D:4      | Reached skill level 5 in Fighting
  3480 | D:4      | Found a hazy altar of Hepliaklqana.
  3917 | D:4      | Found a radiant altar of Vehumet.
  4161 | D:4      | Reached XP level 7. HP: 61/61 MP: 6/6
  4455 | D:4      | Reached skill level 7 in Axes
  4532 | D:5      | Entered Level 5 of the Dungeon
  4545 | D:5      | Found a staircase to the Ecumenical Temple.
  4631 | D:5      | Noticed Pikel
  4652 | D:5      | Found a glowing drain.
  4682 | D:5      | Reached skill level 5 in Armour
  4700 | Sewer    | Entered a sewer
  5319 | Sewer    | Reached *** piety under Trog
  5642 | Sewer    | Identified a scroll of acquirement
  6081 | Sewer    | Acquired a +3 vorpal broad axe
  6198 | D:5      | Killed Pikel
  6199 | D:5      | Reached skill level 8 in Axes
  6199 | D:5      | Reached skill level 5 in Dodging
  6199 | D:5      | Reached XP level 8. HP: 71/71 MP: 7/7
  6362 | D:5      | Reached skill level 9 in Axes
  6373 | D:5      | Noticed Grinder
  6373 | D:5      | Paralysed by Grinder for 4 turns
  6402 | D:5      | Killed Grinder
  6451 | Temple   | Entered the Ecumenical Temple
  7179 | D:5      | Found a burning altar of Makhleb.
  7358 | D:6      | Found a shimmering blue altar of Sif Muna.
  7382 | D:6      | Reached XP level 9. HP: 66/79 MP: 8/8
  7599 | D:6      | Acquired 712 gold pieces
  7603 | D:6      | Acquired 756 gold pieces
  7655 | D:3      | Bought the +5 war axe "Tuohud Ugoe" {venom, rPois Dex+4}
                  | for 634 gold pieces
  7664 | D:3      | Bought the +8 plate armour of the Storm King {Rampage
                  | rCorr} for 1058 gold pieces
  8219 | D:6      | Reached skill level 10 in Axes
  8275 | D:7      | Found a hide-covered altar of Uskayaw.
  8798 | D:7      | Found an opulent altar of Gozag.
  8799 | D:7      | Found a sparkling altar of Nemelex Xobeh.
  8865 | D:8      | Reached **** piety under Trog
  8932 | D:8      | Noticed Maggie
  8940 | D:8      | Killed Maggie
  8941 | D:8      | Reached skill level 11 in Axes
  9141 | D:8      | Reached XP level 10. HP: 84/90 MP: 9/9
  9367 | D:2      | Bought a pair of boots for 81 gold pieces
  9372 | D:2      | Bought an embroidered cloak for 135 gold pieces
  9494 | D:8      | Found a staircase to the Lair.
  9692 | D:9      | Found a glowing golden altar of the Shining One.
  9693 | D:9      | Found an ornate altar of the Wu Jian Council.
  9693 | D:9      | Found a broken altar of Ashenzari.
  9757 | D:9      | Noticed a two-headed ogre
  9760 | D:9      | Reached skill level 1 in Evocations
  9770 | D:9      | Killed a two-headed ogre
  9771 | D:9      | Reached skill level 12 in Axes
  9876 | D:9      | Found a flagged portal.
  9904 | Bailey   | Entered a bailey
 11250 | Bailey   | Reached ***** piety under Trog
 11916 | D:9      | Found a bloodstained altar of Trog.
 12207 | D:10     | Entered Level 10 of the Dungeon
 12225 | D:10     | Noticed a two-headed ogre
 12230 | D:10     | Killed a two-headed ogre
 12231 | D:10     | Reached skill level 13 in Axes
 12231 | D:10     | Reached XP level 11. HP: 73/97 MP: 10/10
 13026 | D:10     | Noticed a six-headed hydra
 13036 | D:10     | Killed a six-headed hydra
 13375 | D:10     | Noticed a wolf spider
 13380 | D:10     | Killed a wolf spider
 13537 | D:11     | Reached skill level 5 in Evocations
 13573 | D:11     | Noticed a green ugly thing
 13582 | D:11     | Killed a green ugly thing
 13583 | D:11     | Reached skill level 10 in Fighting
 13845 | D:11     | Noticed a cyan ugly thing
 13853 | D:11     | Killed a cyan ugly thing
 14228 | D:11     | Found a staircase to the Orcish Mines.
 14494 | D:12     | Reached skill level 14 in Axes
 14494 | D:12     | Reached skill level 10 in Armour
 14846 | D:12     | Reached XP level 12. HP: 107/107 MP: 11/11
 14860 | D:12     | Noticed Rupert
 14897 | D:12     | Paralysed by Rupert for 2 turns
 14916 | D:12     | Killed Rupert
 15270 | D:12     | Received a gift from Trog
 15914 | D:13     | Noticed a centaur warrior
 15926 | D:13     | Killed a centaur warrior
 16071 | D:13     | Noticed a five-headed hydra
 16086 | D:13     | Killed a two-headed hydra
 16087 | D:13     | Reached skill level 15 in Axes
 16278 | D:13     | Reached skill level 10 in Dodging
 17068 | D:13     | Gained mutation: You have hidden genetic defects. [a
                  | neqoxec]
 17394 | D:14     | Found Jaruwuitu's Distillery.
 17401 | D:14     | Found Awnea's Antique Weapon Boutique.
 17410 | D:14     | Bought a potion of flight for 48 gold pieces
 17410 | D:14     | Bought a potion of might for 64 gold pieces
 17410 | D:14     | Bought a potion of cancellation for 128 gold pieces
 17410 | D:14     | Bought a potion of mutation for 128 gold pieces
 17431 | D:14     | Bought an encrusted sling for 175 gold pieces
 17431 | D:14     | Identified the +10 sling of the Black Skies {flame, Stlth+}
                  | (You bought it in a shop on level 14 of the Dungeon)
 17439 | D:14     | Noticed a tengu warrior
 17446 | D:14     | Killed a tengu warrior
 17457 | D:14     | Found a gate to the Vaults.
 17457 | D:14     | Noticed a vault guard
 17457 | D:14     | Noticed a vault guard
 17457 | D:14     | Noticed a vault guard
 17457 | D:14     | Noticed a vault guard
 17457 | D:14     | Noticed a vault guard
 17457 | D:14     | Noticed a vault guard
 17457 | D:14     | Noticed a vault guard
 17480 | D:14     | Noticed a death knight
 17487 | D:14     | Found a frozen archway.
 17487 | D:14     | Noticed a tengu warrior
 17490 | IceCv    | Entered an ice cave
 18103 | IceCv    | Lost intelligence.
 18396 | IceCv    | Lost mutation: You have hidden genetic defects. [potion of
                  | mutation]
 18396 | IceCv    | Gained mutation: You are partially covered in iridescent
                  | scales. (AC +2) [potion of mutation]
 18396 | IceCv    | Gained mutation: You have sharp toenails. [potion of
                  | mutation]
 18948 | IceCv    | Reached XP level 13. HP: 104/116 MP: 12/12
 19100 | IceCv    | Noticed a quicksilver ooze
 19107 | IceCv    | Killed a quicksilver ooze
 19799 | IceCv    | Reached skill level 1 in Shields
 20449 | IceCv    | Noticed a quicksilver ooze
 20454 | IceCv    | Killed a quicksilver ooze
 20665 | IceCv    | Noticed a quicksilver ooze
 20678 | IceCv    | Killed a quicksilver ooze
 20680 | IceCv    | Reached skill level 16 in Axes
 20782 | IceCv    | Noticed an azure jelly
 20794 | IceCv    | Killed an azure jelly
 20804 | IceCv    | Found a viscous altar of Jiyva.
 20804 | IceCv    | Noticed an azure jelly
 20809 | IceCv    | Killed an azure jelly
 20823 | IceCv    | Noticed a rockslime
 20823 | IceCv    | Noticed an azure jelly
 20833 | IceCv    | Killed an azure jelly
 21314 | IceCv    | Killed a rockslime
 21315 | IceCv    | Reached skill level 5 in Shields
 21360 | IceCv    | Noticed a quicksilver ooze
 21369 | IceCv    | Killed a quicksilver ooze
 21481 | IceCv    | Identified the amulet of Xoig {Reflect Fragile Fly rF+
                  | SH+5}
 21484 | IceCv    | Got the +1 hand axe of the Orange Skies {freeze, MP+9
                  | Dex+2}
 21585 | D:14     | Slain by a red ugly thing

Illustrated notes

Levels and vault maps discovered:
D:1:      erik_arrival_blinker_ship, layout_rooms,
          shapermc_ecumenical_altar_acropolis, roderic_st_hans_cross
D:2:      layout_basic, serial_shops, nicolae_shop_advertising_works
          [nicolae_subvault_shop_adworks], uniq_natasha
D:3:      layout_rooms, serial_shops, nicolae_shop_crystal, shop
D:4:      minmay_opposing_rooms, layout_loops_corners, vehumet_altar_wand_db,
          grunt_dithmenos_smoke_and_mirrors, nicolae_hepliaklqana_hippocampus
D:5:      layout_cave_pools, lemuel_coloured_pillars_altar,
          minmay_temple_entry_butterflies, portal_sewer_entry_d, uniq_pikel,
          uniq_grinder
D:6:      layout_loops_ring, mainiacjoe_overflow_24_doors
D:7:      layout_layer_cave, grunt_temple_overflow_opulence, lemuel_tele_altar
D:8:      layout_rooms, due_lair_maze_entry_diamond, uniq_maggie
D:9:      layout_basic, mainiacjoe_overflow_tiny_flanked,
          chequers_temple_overflow_statue_of_worship, enter_bailey_6,
          minmay_strange_pillars, minmay_increasing_density
D:10:     layout_roguey [special_room_orc], minmay_three_doors
D:11:     layout_cave_pools, orc_0_dummy
D:12:     layout_loops_ring, uniq_rupert
D:13:     layout_rooms, serial_demonic, serial_demonic_a, serial_demonic_e,
          serial_demonic_e, serial_demonic_d
D:14:     layout_roguey, erik_vaults_2, nicolae_elyvilon_peaceful_grove,
          serial_shops, shop, nicolae_square_shop,
          portal_ice_cave_entry_ugly_swarm, kennysheep_generic_room_13
Temple:   hellmonk_temple_flake

Skill      XL: |  1  2  3  4  5  6  7  8  9 10 11 12 13 |
---------------+----------------------------------------+-----
Axes           | 4 5 6 8 9 11 13 14 15 16 | 16.3
Fighting       | 4 5 6 7 8 9 10 11 12 | 12.1
Armour         | 3 4 5 6 8 9 10 11 | 11.7
Dodging        | 3 4 5 6 7 8 9 10 | 10.8
Evocations     | 4 6 8 9 |  9.2
Shields        | 5 |  5.9

Action                   |  1- 3 |  4- 6 |  7- 9 | 10-12 | 13-15 || total
-------------------------+-------+-------+-------+-------+-------++-------
Melee: Hand axe          |    57 |    99 |   126 |       |       ||   282
       Headbutt          |     6 |    14 |    36 |   104 |    27 ||   187
       Punch             |     1 |     1 |     2 |     6 |       ||    10
       Broad axe         |       |       |    58 |    43 |    37 ||   138
       War axe           |       |       |    58 |   449 |    65 ||   572
Invok: Berserk           |       |     4 |     5 |     7 |     8 ||    24
       Brothers in Arms  |       |       |       |     2 |     2 ||     4
       Trog's Hand       |       |       |       |       |     2 ||     2
  Use: Scroll            |       |       |    11 |    32 |     6 ||    49
       Potion            |       |       |       |     5 |     1 ||     6
Armor: Animal skin       |    13 |    15 |    38 |       |       ||    66
       Plate armour      |       |       |    56 |   400 |   116 ||   572
Dodge: Dodged            |    40 |    68 |   160 |   305 |    42 ||   615
Block: Tower shield      |       |       |       |    68 |    77 ||   145

Table legend: (Time is in decaauts)
 A = Elapsed time spent in this place.
 B = Non-inter-level travel time spent in this place.
 C = Inter-level travel time spent in this place.
 D = Time resting spent in this place.
 E = Time spent auto-exploring this place.
 F = Levels seen in this place.
 G = Mean time per level.
                   A        B        C        D        E       F      G
               +--------+--------+--------+--------+--------+-----+--------+
         Total |  22101 |  21404 |    697 |   6987 |  10863 |  18 | 1227.8 |
       Dungeon |  14052 |  13357 |    695 |   2081 |   9049 |  14 | 1003.7 |
        Temple |    285 |    283 |      2 |      0 |    256 |   1 |  285.0 |
         Sewer |   1665 |   1665 |      0 |    585 |    871 |   1 | 1665.0 |
        Bailey |   1761 |   1761 |      0 |    819 |    526 |   1 | 1761.0 |
      Ice Cave |   4337 |   4337 |      0 |   3501 |    160 |   1 | 4337.0 |
               +--------+--------+--------+--------+--------+-----+--------+

Top non-repeatable levels by time:
   IceCv: 4337 daAuts
     D:4: 1971 daAuts
  Bailey: 1761 daAuts
   Sewer: 1665 daAuts
    D:12: 1630 daAuts
     D:2: 1590 daAuts
    D:10: 1433 daAuts
    D:11: 1157 daAuts
     D:5: 1005 daAuts
    D:13: 950 daAuts
     D:6: 885 daAuts
     D:9: 769 daAuts
     D:3: 753 daAuts
     D:7: 745 daAuts
     D:1: 551 daAuts
